 Dungeon Crawl Stone Soup version 0.30-a0-141-g30f27751c5 (webtiles) character file.

Game seed: 11314610530106131990

207 qw the Chopper (level 5, 0/32 HPs)
             Began as a Gargoyle Fighter on Sept 25, 2022.
             Killed from afar by Blork the orc (11 damage)
             ... with a puff of frost
             ... on level 4 of the Dungeon.
             The game lasted 00:00:51 (3242 turns).

qw the Chopper (Gargoyle Fighter)                   Turns: 3242, Time: 00:00:52

Health: 0/32       AC: 10    Str: 21    XL:     5   Next: 85%
Magic:  5/5        EV: 13    Int:  9    God:
Gold:   176        SH:  4    Dex:  9    Spells: 4/4 levels left

rFire   . . .      SeeInvis .    Y - +0 war axe
rCold   . . .      Faith    .    c - +0 buckler
rNeg    + . .      Spirit   .    b - +0 scale mail
rPois   inf        Reflect  .    (no helmet)
rElec   +          Harm     .    (no cloak)
rCorr   .          Rampage  .    (no gloves)
Will    .....                    (no boots)
Stlth   ..........               (no amulet)
HPRegen 0.10/turn                i - +4 ring of evasion
MPRegen 0.09/turn                (no ring)

@: brilliant
A: sickness immunity, AC +4, negative energy resistance 1, electricity
resistance, torment resistance 1, petrification resistance
a: no special abilities


You were on level 4 of the Dungeon.
You visited 1 branch of the dungeon, and saw 4 of its levels.

You collected 176 gold pieces.


Innate Abilities, Weirdness & Mutations

You are immune to sickness and miasma.
Your stone body is resilient. (AC +4)
You are immune to poison.
You resist negative energy. (rN+)
You are resistant to electric shocks. (rElec)
You are resistant to unholy torment.
You are immune to petrification.


   Skills:
 - Level 3.2 Fighting
 + Level 4.8 Axes
 - Level 1.9 Throwing
 - Level 3.2 Armour
 - Level 3.2 Shields


You had 4 spell levels left.
You didn't know any spells.
Your spell library was empty.

Inventory:

Hand Weapons
 j - a +0 flail
 Y - a +0 war axe (weapon)
Missiles
 l - 2 javelins (quivered)
Armour
 b - a +0 scale mail (worn)
 c - a +0 buckler (worn)
Jewellery
 i - a +4 ring of evasion (left hand)
Scrolls
 f - a scroll of identify
Potions
 a - a potion of heal wounds {unknown}
 d - 3 potions of might
 e - a potion of lignification {unknown}
 g - a potion of curing {unknown}
 h - a potion of magic {unknown}
 k - a potion of attraction {unknown}
 o - a potion of ambrosia {unknown}
 p - a potion of mutation {unknown}

Dungeon Overview and Level Annotations

Branches:
Dungeon (4/15)
 Temple: D:4-7

Altars:

Annotations:
D:4 Blork the orc


Message History

Blork the orc gestures at you while chanting.
The magic dart hits you!
You hit Blork the orc.
Blork the orc is lightly wounded.
Blork the orc points at you and mumbles some strange words.
The puff of frost hits you!
You slash Blork the orc!
Blork the orc is moderately wounded.
Blork the orc zaps a wand.
You block the puff of flame.
Blork the orc hits you with a +2 hand axe of electrocution.
You slash Blork the orc!
Blork the orc is severely wounded.
Blork the orc screams, "I don't like you!"
Blork the orc zaps a wand.
You block the puff of flame.
You hit Blork the orc but do no damage.
Blork the orc is severely wounded.
Blork the orc casts a spell at you.
The magic dart hits you but does no damage.
You hit Blork the orc but do no damage.
Blork the orc is severely wounded.
Blork the orc hits you but does no damage.
You hit Blork the orc.
Blork the orc is severely wounded.
Blork the orc closely misses you.
Blork the orc hits you but does no damage.
You closely miss Blork the orc.
Blork the orc is severely wounded.
You block Blork the orc's attack.
You hit Blork the orc.
Blork the orc is almost dead.
Blork the orc misses you.
You hit Blork the orc.
Blork the orc is almost dead.
Blork the orc misses you.
Blork the orc zaps a wand.
The puff of flame misses you.
You closely miss Blork the orc.
Blork the orc is almost dead.
Blork the orc casts a spell at you. The puff of frost hits you!
You die...

## . #.###
###.#.# .....# #
#.#.###
.##.#...o.######
........@..?....
.##.#..<....#...
#.....##.#.#
#....# .# #
#.##. .# .. ..
.# # $. .. ...
.# ... ..


You could see Blork the orc.

Vanquished Creatures
  Natasha (thrice) (D:2)
  4 adders
  3 gnolls (D:3)
  2 worms (D:3)
  A dart slug (D:2)
  5 bats
  4 endoplasms
  7 giant cockroaches
  7 goblins
  4 hobgoblins
  5 jackals (D:1)
  2 quokkas (D:3)
  5 ball pythons
  4 frilled lizards
  2 kobolds
  3 rats (D:3)
61 creatures vanquished.

Notes
Turn   | Place    | Note
-------+----------+-------------------------------------------
     0 | D:1      | qw the Gargoyle Fighter began the quest for the Orb.
     0 | D:1      | Reached XP level 1. HP: 14/14 MP: 1/1
     0 | D:1      | 0 ||| qw: Version: 0.2-a-9-g4872b50
     0 | D:1      | 0 ||| qw: Game counter: 80
     0 | D:1      | 0 ||| qw: Always use a shield: true
     0 | D:1      | 0 ||| qw: God list: Okawaru
     0 | D:1      | 0 ||| qw: Allow faded altars: false
     0 | D:1      | 0 ||| qw: Do Orc after D:15 true
     0 | D:1      | 0 ||| qw: Do second Lair branch before Depths: true
     0 | D:1      | 0 ||| qw: Lair rune preference: random
     0 | D:1      | 0 ||| qw: Plans: Normal, Zot:1-4, God:TSO, Crypt, Tomb,
                  | Pan, Slime:5, Hells, Abyss, Orb
     0 | D:1      | 0 ||| PLANNING D:1-11
    35 | D:1      | Reached skill level 2 in Axes
    90 | D:1      | Reached XP level 2. HP: 19/19 MP: 2/2
   475 | D:1      | 475 ||| Stepping ~*~*~tactically~*~*~ (stealth).
   488 | D:1      | Reached skill level 3 in Axes
   883 | D:1      | 883 ||| READING 2 scrolls labelled ZUMOTZ TETO.
   884 | D:1      | 884 ||| READING scroll labelled HYD RILIXO.
   885 | D:1      | 885 ||| DROPPING scroll of vulnerability.
   907 | D:2      | Reached XP level 3. HP: 23/23 MP: 3/3
   963 | D:2      | 963 ||| Stepping ~*~*~tactically~*~*~ (hiding).
  1067 | D:2      | 1067 ||| DROPPING +0 club.
  1158 | D:2      | Noticed Natasha
  1163 | D:2      | 1163 ||| Stepping ~*~*~tactically~*~*~ (stealth).
  1166 | D:2      | Killed Natasha
  1167 | D:2      | Reached skill level 1 in Throwing
  1170 | D:2      | Reached XP level 4. HP: 28/28 MP: 4/4
  1336 | D:2      | Noticed Natasha
  1337 | D:2      | 1337 ||| Stepping ~*~*~tactically~*~*~ (stealth).
  1344 | D:2      | HP: 6/28 [Natasha/magic dart (9)]
  1346 | D:2      | Killed Natasha
  1595 | D:2      | Found a faded altar of an unknown god.
  1756 | D:2      | Noticed Natasha
  1757 | D:2      | 1757 ||| Stepping ~*~*~tactically~*~*~ (stealth).
  1770 | D:2      | Killed Natasha
  1771 | D:2      | Reached skill level 4 in Axes
  1771 | D:2      | Reached XP level 5. HP: 32/32 MP: 5/5
  2304 | D:2      | 2304 ||| UPGRADING to +4 ring of evasion.
  2305 | D:2      | 2305 ||| READING scroll labelled QOBREFRYEC.
  2554 | D:3      | 2554 ||| Stepping ~*~*~tactically~*~*~ (stealth).
  2557 | D:3      | 2557 ||| Stepping ~*~*~tactically~*~*~ (stealth).
  2745 | D:3      | 2745 ||| Stepping ~*~*~tactically~*~*~ (stealth).
  2748 | D:3      | 2748 ||| Stepping ~*~*~tactically~*~*~ (stealth).
  2771 | D:3      | 2771 ||| Stepping ~*~*~tactically~*~*~ (stealth).
  2772 | D:3      | 2772 ||| Stepping ~*~*~tactically~*~*~ (stealth).
  2817 | D:3      | 2817 ||| Stepping ~*~*~tactically~*~*~ (stealth).
  2988 | D:3      | 2988 ||| Stepping ~*~*~tactically~*~*~ (hiding).
  3205 | D:3      | 3205 ||| READING scroll labelled ANUHUM OHUQIH.
  3206 | D:3      | 3206 ||| DRINKING 2 bubbling cyan potions.
  3207 | D:3      | 3207 ||| DROPPING potion of brilliance.
  3227 | D:4      | Noticed Blork the orc
  3242 | D:4      | Killed from afar by Blork the orc

Levels and vault maps discovered:
D:1:      tarquinn_simple_flora_water_a, layout_basic,
          chequers_serial_rivers_small_b
D:2:      layout_basic, hellmonk_ecumenical_altar_inner_sanctum, uniq_natasha
D:3:      layout_basic
D:4:      layout_basic, uniq_ijyb, uniq_blork_the_orc, uniq_sigmund

Skill      XL: |  1  2  3  4 |
---------------+-------------+-----
Axes           | 2 3 4 |  4.8
Throwing       | 1 |  1.9
Fighting       | |  3.2
Armour         | |  3.2
Shields        | |  3.2

Action                   |  1- 3 |  4- 6 || total
-------------------------+-------+-------++-------
Melee: War axe           |    58 |    94 ||   152
Throw: Javelin           |     5 |    27 ||    32
  Use: Scroll            |     2 |     2 ||     4
       Potion            |       |     1 ||     1
Armor: Scale mail        |    26 |    35 ||    61
       Skin              |       |     3 ||     3
Dodge: Dodged            |    24 |    58 ||    82
Block: Buckler           |    14 |    16 ||    30

Table legend:
 A = Non-vault XP
 B = Vault XP
 C = Vault XP percentage of total XP
 D = Non-vault monster count
 E = Vault monster count
 F = Vault count percentage of total count
                 A         B        C        D         E       F
            +---------+---------+-------+---------+---------+-------
      Total |     261 |      36 |  12.1 |      60 |       1 |   1.6
            +---------+---------+-------+---------+---------+-------
        D:1 |      33 |       0 |   0.0 |      18 |       0 |   0.0
        D:2 |     111 |      36 |  24.5 |      17 |       1 |   5.6
        D:3 |     115 |       0 |   0.0 |      24 |       0 |   0.0
        D:4 |       2 |       0 |   0.0 |       1 |       0 |   0.0
            +---------+---------+-------+---------+---------+-------
